 Dungeon Crawl Stone Soup version 0.24.0-1-gfbc8707 (webtiles) character file.

Game seed: 18093166344434858579, levelgen mode: deterministic

274 thegreatpagliacci the Magician (level 6, -8/39 HPs)
             Began as a Gnoll Wizard on Oct 30, 2019.
             Was a Follower of Hepliaklqana.
             Killed from afar by Sizwe the ancestor (47 damage)
             ... with an exploding inner flame
             ... created by the player character
             ... hexed by the player character
             ... on level 4 of the Dungeon.
             The game lasted 00:05:36 (1989 turns).

thegreatpagliacci the Magician (Gnoll Wizard)       Turns: 1989, Time: 00:05:36

Health: -8/39      AC:  4    Str:  9    XL:     6   Next: 24%
Magic:  4/16       EV: 14    Int: 20    God:    Hepliaklqana [*.....]
Gold:   200        SH:  0    Dex: 13    Spells: 16/19 levels left

rFire    . . .     SeeInvis .   E - +0 trident
rCold    + . .     Gourm    .   (no shield)
rNeg     . . .     Faith    .   a - +0 robe
rPois    .         Spirit   .   b - +1 hat
rElec    .         Reflect  .   (no cloak)
rCorr    .         Harm     .   (no gloves)
MR       .....                  n - +0 pair of boots
Stlth    +++.......             (no amulet)
HPRegen  0.13/turn              e - ring of protection from cold
MPRegen  0.15/turn              q - -3 ring of intelligence (curse)

@: very slightly contaminated
A: distributed training, reduced essence, fangs 1, strong nose
a: Recall Ancestor, Ancestor Identity, Renounce Religion


You were on level 4 of the Dungeon.
You worshipped Hepliaklqana.
Hepliaklqana was aware of your devotion.
You were not hungry.

You visited 1 branch of the dungeon, and saw 4 of its levels.

You collected 200 gold pieces.

Inventory:

Hand Weapons
 E - a +0 trident (weapon)
 G - a +0 hunting sling
Missiles
 g - 69 stones (quivered)
 i - 27 poisoned darts
 s - 72 arrows
Armour
 a - a +0 robe (worn)
 b - a +1 hat (worn)
 n - a +0 pair of boots (worn)
Jewellery
 e - a ring of protection from cold (left hand)
 q - a cursed -3 ring of intelligence (right hand)
 C - an uncursed ring of flight
Scrolls
 c - a scroll of random uselessness {unknown}
 h - a scroll of immolation
 m - 5 scrolls of identify
 o - a scroll of fog {unknown}
 w - a scroll of amnesia {unknown}
 x - a scroll of enchant armour
 y - a scroll of magic mapping
 B - a scroll of remove curse {unknown}
 D - a scroll of fear {unknown}
 H - a scroll of teleportation {unknown}
Potions
 f - a potion of cancellation {unknown}
 j - a potion of haste {unknown}
 k - 2 potions of flight {unknown}
 l - a potion of brilliance {unknown}
 p - 3 potions of heal wounds
 r - a potion of might {unknown}
 t - 3 potions of curing {unknown}
 u - 2 potions of berserk rage {unknown}
 v - a potion of invisibility {unknown}
 z - a potion of lignification {unknown}
 A - a potion of ambrosia {unknown}
Comestibles
 d - 7 rations


   Skills:
 + Level 1.8 Fighting
 + Level 1.8 Short Blades
 + Level 1.8 Long Blades
 + Level 1.8 Axes
 + Level 1.8 Maces & Flails
 + Level 1.8 Polearms
 + Level 1.8 Staves
 + Level 1.8 Slings
 + Level 1.8 Bows
 + Level 1.8 Crossbows
 + Level 1.8 Throwing
 + Level 1.8 Armour
 + Level 4.9 Dodging
 + Level 4.5 Stealth
 + Level 1.8 Shields
 + Level 1.8 Unarmed Combat
 + Level 7.4 Spellcasting
 + Level 2.5 Conjurations
 + Level 1.4 Hexes
 + Level 1.4 Charms
 + Level 2.5 Summonings
 + Level 1.4 Necromancy
 + Level 2.5 Translocations
 + Level 1.4 Transmutations
 + Level 1.4 Fire Magic
 + Level 1.4 Ice Magic
 + Level 1.4 Air Magic
 + Level 1.4 Earth Magic
 + Level 1.4 Poison Magic
 + Level 2.0 Invocations
 + Level 1.8 Evocations


You had 16 spell levels left.
You knew the following spells:

 Your Spells              Type           Power        Failure   Level  Hunger
a - Magic Dart            Conj           ###.         3%          1    None
b - Call Imp              Summ           ###.....     4%          2    None

Your spell library contained the following spells:

 Spells                   Type           Power        Failure   Level  Hunger
 Blink                    Tloc           N/A          4%          2    None
 Slow                     Hex            ##......     8%          2    None
 Conjure Flame            Conj/Fire      ###.....     12%         3    #......
 Mephitic Cloud           Conj/Pois/Air  ##......     13%         3    #......


Dungeon Overview and Level Annotations

Branches:
Dungeon (4/15)
 Temple: D:4-7

Altars:
Hepliaklqana


Innate Abilities, Weirdness & Mutations

Your experience applies equally to all skills.
You have very sharp teeth.
Your uncanny sense of smell can sniff out nearby items.
Your life essence is reduced to manifest your ancestor. (-10% HP)


Message History

Confirm with . or Enter, or press ? or * to list all spells.
A beastly little devil appears in a puff of flame.
Attack whom?
Press: ? - help, Dir - move target cursor, f - ogre
Aim: an ogre, wielding a +0 giant club You could not reach far enough!
Your crimson imp barely misses the ogre.
The ogre hits Sizwe with a +0 giant club!!
Sizwe the ancestor explodes!
The fiery explosion engulfs the ogre!!!
You kill the ogre!
Your Invocations skill increases to level 2!
You have reached level 6!
Your experience leads to an increase in your attributes!
Your base attributes are Str 9, Int 22, Dex 13.
Increase (S)trength, (I)ntelligence, or (D)exterity?
You feel clever. The fiery explosion engulfs you!!!
Ouch! That really hurt!
You die...

*,**,**,,****,,* ****≈*≈*≈*≈*≈*
*,**,,,,,,,.#..*##.##≈**≈**,*≈**
*,*****,..?,...,....#≈*****≈*≈*,
**>,,,,,,.......#....##,,,≈,**≈*,
*,,,,,,,,....,........##*****,**,
,,*******#.#..#.........,,,,,,,,,
*** *,,,∆.....#§§5.....#***,,,,,,
*,****,*#..§§§....#* *,,,,,, *,*
#.####§@#,,,** *****,, **,**
#......5##∆** **, *,,,*
######)..#** ** *,,,* #...# *
*,,,**** #...#********** *
****,,,**,** #.###,,,,,,,,,* *
,,,,,,,,,#.####.# *,***,,>,,* *
,,,,,,,,**#.....##*,*,,,,,,,* *
,,,,,,,,,#.###...#*,*,*,,,,,* **


You could see 2 friendly crimson imps.

Vanquished Creatures
  An ogre (D:4)
  A bullfrog (D:4)
  A worker ant (D:3)
  4 adders
  A worm (D:3)
  2 dart slugs
  3 leopard geckos (D:3)
  An orc (D:3)
  6 giant cockroaches
  12 goblins
  3 hobgoblins
  A jackal (D:1)
  2 kobolds
  6 bats
  3 frilled lizards
  2 rats
49 creatures vanquished.

Vanquished Creatures (collateral kills)
  An ooze (D:2)
  An orc (D:3)
  2 hobgoblins (D:3)
  A goblin (D:3)
5 creatures vanquished.

Vanquished Creatures (others)
  An ancestor (D:3)
1 creature vanquished.

Grand Total: 55 creatures vanquished

Notes
Turn   | Place    | Note
-------+----------+-------------------------------------------
     0 | D:1      | thegreatpagliacci the Gnoll Wizard began the quest for the
                  | Orb.
     0 | D:1      | Reached XP level 1. HP: 13/13 MP: 8/8
   122 | D:1      | Reached XP level 2. HP: 19/19 MP: 2/10
   126 | D:1      | Learned a level 2 spell: Call Imp
   651 | D:2      | Reached XP level 3. HP: 25/25 MP: 5/11
   678 | D:2      | Found a hazy altar of Hepliaklqana.
   721 | D:2      | Became a worshipper of Hepliaklqana the Forgotten
   775 | D:2      | Reached skill level 1 in Invocations
   881 | D:2      | Reached skill level 1 in Fighting
   881 | D:2      | Reached skill level 1 in Short Blades
   881 | D:2      | Reached skill level 1 in Long Blades
   881 | D:2      | Reached skill level 1 in Axes
   881 | D:2      | Reached skill level 1 in Maces & Flails
   881 | D:2      | Reached skill level 1 in Polearms
   881 | D:2      | Reached skill level 1 in Staves
   881 | D:2      | Reached skill level 1 in Slings
   881 | D:2      | Reached skill level 1 in Bows
   881 | D:2      | Reached skill level 1 in Crossbows
   881 | D:2      | Reached skill level 1 in Throwing
   881 | D:2      | Reached skill level 1 in Armour
   881 | D:2      | Reached skill level 1 in Shields
   881 | D:2      | Reached skill level 1 in Unarmed Combat
   881 | D:2      | Reached skill level 1 in Evocations
   881 | D:2      | Reached XP level 4. HP: 28/28 MP: 8/13
  1030 | D:2      | Found a faded altar of an unknown god.
  1302 | D:3      | Reached skill level 1 in Hexes
  1302 | D:3      | Reached skill level 1 in Charms
  1302 | D:3      | Reached skill level 1 in Necromancy
  1302 | D:3      | Reached skill level 1 in Transmutations
  1302 | D:3      | Reached skill level 1 in Fire Magic
  1302 | D:3      | Reached skill level 1 in Ice Magic
  1302 | D:3      | Reached skill level 1 in Air Magic
  1302 | D:3      | Reached skill level 1 in Earth Magic
  1302 | D:3      | Reached skill level 1 in Poison Magic
  1533 | D:3      | Reached XP level 5. HP: 30/33 MP: 2/14
  1692 | D:3      | Reached * piety under Hepliaklqana
  1983 | D:4      | Noticed an ogre
  1989 | D:4      | Killed an ogre
  1989 | D:4      | Reached XP level 6. HP: 39/39 MP: 4/16
  1989 | D:4      | Killed from afar by Sizwe the ancestor

Levels and vault maps discovered:
D:1:      lemuel_arrival_broad_hall, layout_rooms, minmay_pentomino_z2
D:2:      layout_rooms, lemuel_crystal_altar, chequers_ecumenical_altar_lobes,
          hex_intersection
D:3:      cheibrodos_greedy_goblins, layout_basic, first_ration
D:4:      layout_loops_cross, gup_sewer_entry_spiral

Skill      XL: |  1  2  3  4  5 |
---------------+----------------+-----
Conjurations   | 2 |  2.5
Summonings     | 2 |  2.5
Translocations | 2 |  2.5
Invocations    | 1 2 |  2.0
Fighting       | 1 |  1.8
Short Blades   | 1 |  1.8
Long Blades    | 1 |  1.8
Axes           | 1 |  1.8
Maces & Flails | 1 |  1.8
Polearms       | 1 |  1.8
Staves         | 1 |  1.8
Slings         | 1 |  1.8
Bows           | 1 |  1.8
Crossbows      | 1 |  1.8
Throwing       | 1 |  1.8
Armour         | 1 |  1.8
Shields        | 1 |  1.8
Unarmed Combat | 1 |  1.8
Evocations     | 1 |  1.8
Hexes          | 1 |  1.4
Charms         | 1 |  1.4
Necromancy     | 1 |  1.4
Transmutations | 1 |  1.4
Fire Magic     | 1 |  1.4
Ice Magic      | 1 |  1.4
Air Magic      | 1 |  1.4
Earth Magic    | 1 |  1.4
Poison Magic   | 1 |  1.4
Dodging        | |  4.9
Stealth        | |  4.5
Spellcasting   | |  7.4

Action                   |  1- 3 |  4- 6 || total
-------------------------+-------+-------++-------
Melee: Trident           |       |     7 ||     7
 Cast: Magic Dart        |    52 |    64 ||   116
       Call Imp          |       |     2 ||     2
  Use: Scroll            |       |     4 ||     4
  Eat: Chunk             |       |     3 ||     3
Armor: Robe              |     1 |     6 ||     7
Dodge: Dodged            |     6 |    13 ||    19
